 Dungeon Crawl Stone Soup version 0.29-a0-563-g64e4043184 (webtiles) character file.

Game seed: 5364828693698394746

18858 YayAnonymity the Basher (level 12, -54/136 HPs)
             Began as a Demonspawn Berserker on June 11, 2022.
             Was an Elder of Trog.
             Annihilated by an enormous slime creature (55 damage)
             ... on level 13 of the Dungeon.
             The game lasted 00:26:33 (16186 turns).

YayAnonymity the Basher (Demonspawn Berserker)     Turns: 16186, Time: 00:26:34

Health: -54/136    AC: 20    Str: 24    XL:     12   Next: 31%
Magic:  0/12       EV: 12    Int: 10    God:    Trog [****..]
Gold:   1683       SH:  9    Dex: 17    Spells: 11/11 levels left

rFire   . . .      SeeInvis +   b - +7 mace "Bisoaral" {elec, Dex+3}
rCold   . . .      Faith    .   L - +0 kite shield
rNeg    + . .      Spirit   +   z - +0 swamp dragon scales
rPois   +          Reflect  .   (helmet unavailable)
rElec   .          Harm     .   H - +2 cloak {Will+}
rCorr   +          Rampage  .   C - +0 pair of gloves
Will    +....                   (no boots)
Stlth   ..........              d - amulet of guardian spirit
HPRegen 0.32/turn               O - ring of Ajocef {rN+ rCorr Str+4}
MPRegen 0.26/turn               q - +4 ring of protection

@: berserking, studying Axes, very quick
A: antennae 3, yellow scales 1, magic regeneration
a: Renounce Religion, Berserk, Trog's Hand, Brothers in Arms


You were on level 13 of the Dungeon.
You worshipped Trog.
Trog was greatly pleased with you.
You visited 2 branches of the dungeon, and saw 14 of its levels.
You also visited: Sewer and Gauntlet.

You collected 1683 gold pieces.

Inventory:

Hand Weapons
 a - a +1 spear
 b - the +7 mace "Bisoaral" (weapon) {elec, Dex+3}
   (You found it on level 2 of the Dungeon)

   It occasionally discharges a powerful burst of electricity upon striking a
   foe.
   Dex:       It affects your dexterity (+3).
Missiles
 t - 22 poisoned darts (quivered)
Armour
 z - +0 swamp dragon scales (worn)
 C - a +0 pair of gloves (worn)
 H - a +2 cloak of willpower (worn)
 L - a +0 kite shield (worn)
 P - the +3 chain mail "Oliaf" {Dex+4}
   (You found it in a Gauntlet)

   Dex:       It affects your dexterity (+4).
Jewellery
 d - an amulet of guardian spirit (around neck)
 q - a +4 ring of protection (right hand)
 w - the ring "Teutz" {rC++ rN+}
   (You found it on level 4 of the Dungeon)

   [ring of positive energy]

   rC:        It greatly protects you from cold.
   rN:        It protects you from negative energy.
 O - the ring of Ajocef (left hand) {rN+ rCorr Str+4}
   (You found it in a Gauntlet)

   [ring of positive energy]

   Str:       It affects your strength (+4).
   rN:        It protects you from negative energy.
   rCorr:     It protects you from acid and corrosion.
 R - a +4 ring of slaying
Wands
 h - a wand of iceblast (8)
 u - a wand of digging (7)
 y - a wand of paralysis (5)
 D - a wand of polymorph (11)
 E - a wand of charming (9)
 I - a wand of mindburst (9)
 Q - a wand of acid (3)
Scrolls
 f - 5 scrolls of blinking
 k - a scroll of enchant weapon
 l - 4 scrolls of fog
 p - 2 scrolls of fear
 s - 3 scrolls of vulnerability
 v - 2 scrolls of brand weapon
 B - 3 scrolls of magic mapping
 F - 2 scrolls of noise
 G - 5 scrolls of teleportation
 K - 3 scrolls of identify
 M - 2 scrolls of amnesia
 N - a scroll of poison
Potions
 c - 2 potions of berserk rage
 e - 2 potions of haste
 g - 4 potions of brilliance
 i - 9 potions of curing
 j - a potion of might
 m - 2 potions of invisibility
 n - 5 potions of attraction
 o - a potion of cancellation
 r - a potion of mutation
 x - 5 potions of magic
 A - 2 potions of heal wounds
 J - a potion of lignification


   Skills:
 - Level 7.0 Fighting
 * Level 13.7 Maces & Flails
 - Level 3.8 Polearms
 - Level 5.0 Throwing
 - Level 8.0 Armour
 - Level 5.0 Dodging
 - Level 4.0 Shields


You had 11 spell levels left.
You didn't know any spells.
Your spell library was empty.

Dungeon Overview and Level Annotations

Branches:
Dungeon (13/15)            Temple (1/1) D:7            Lair (0/6) D:11
    Orc (0/2) D:10          Sewer (visited)         Gauntlet (visited)
 Vaults: D:13-14

Altars:
Ashenzari
Cheibriados
Dithmenos
Elyvilon
Fedhas
Gozag
Hepliaklqana
Kikubaaqudgha
Makhleb
Nemelex Xobeh
Okawaru
Qazlal
Ru
Sif Muna
Trog
Uskayaw
Vehumet
Wu Jian
Xom
Yredelemnul
Zin
The Shining One

Shops:
D:12 *

Portals:
Abyss: D:9

Annotations:
D:9 2 transporters, zishaf's ghost, journeyman TeAE
D:10 exclusion: obsidian statue


Innate Abilities, Weirdness & Mutations

You have a pair of large antennae on your head. (SInv)
You are partially covered in yellow scales. (AC +2)
You regenerate magic rapidly.


Message History

You hit the very large slime creature.
The very large slime creature is lightly wounded.
You sock the very large slime creature!
The very large slime creature is moderately wounded.
Two slime creatures merge to form an enormous slime creature.
You thump the enormous slime creature!
Lightning courses through the enormous slime creature!!
The enormous slime creature is moderately wounded.
You thump the enormous slime creature!
The enormous slime creature is moderately wounded.
A red film seems to cover your vision as you go berserk!
You feel yourself moving faster!
You feel mighty!
You block the enormous slime creature's attack.
You hit the enormous slime creature.
The enormous slime creature is moderately wounded.
The enormous slime creature hits you!!!
You hit the enormous slime creature.
The enormous slime creature is moderately wounded.
You bludgeon the enormous slime creature!!
The enormous slime creature is heavily wounded.
You block the enormous slime creature's attack.
You bludgeon the enormous slime creature!!
The enormous slime creature is heavily wounded.
The enormous slime creature misses you.
You sock the enormous slime creature!
The enormous slime creature is heavily wounded.
You barely miss the enormous slime creature.
The enormous slime creature is heavily wounded.
The enormous slime creature hits you!!
You sock the enormous slime creature!
The enormous slime creature is heavily wounded.
You bludgeon the enormous slime creature!!
The enormous slime creature is severely wounded.
The enormous slime creature hits you!!!
* * * LOW HITPOINT WARNING * * *
You sock the enormous slime creature!
Lightning courses through the enormous slime creature!
The enormous slime creature is severely wounded.
The enormous slime creature hits you!!!
You die...

,,***,*,***************,********,
*** *,*,*,,,,,,,,,,,,,,,,,,,,,**,
,* *,*,*,*************,*****,**,
,* *,*,*,* *,,,,,,,**, ,* *,*,*,*
####***,,,,,,,,,, ,* *,*,*,*
#..,,,,,,,******* ,*
*,,<*,*###**#.#*****,,*
*******,*.##...##.######.,*
,,,,,,,,,..'...J@.......>,*
**,,,,,,*.##...##.######*,*
**,,,,,,*,*###**#.#..,,,,,*
,,,,,,,,',* #.#.#******
**,,,,,,******* #.#.#
**,********,,,* #.#.## **,*
*,,,**,,(###....##### **,*
*,,,**..............#
**,***,,,**........#.###.#


You could see an enormous slime creature.

Vanquished Creatures
  A minotaur (Gauntlet)
  3 two-headed ogres
  A hell hog (Gauntlet)
  Sonja (D:10)
  2 oklob plants (D:11)
  2 cyclopes
  Maurice (D:10)
  2 manticores (D:11)
  2 gargoyles
  An unseen horror (D:12)
  Maggie (D:7)
  2 kobold demonologists (D:12)
  3 trolls
  A raiju (Gauntlet)
  3 centaur simulacra (Gauntlet)
  5 slime creatures (D:12)
  A wyvern (D:8)
  Sigmund (D:3)
  2 wraiths
  3 fire bats (Gauntlet)
  A golden eye (shapeshifter) (D:13)
  8 yaks
  Menkaure (D:5)
  2 steam dragons
  10 vampire mosquitoes
  2 acid dragons (D:10)
  2 hell hounds (Gauntlet)
  2 water moccasins
  Pargi (Sewer)
  3 orc warriors
  A black bear (D:4)
  2 sky beasts (D:6)
  An ogre (D:7)
  An ice beast (D:6)
  3 centaurs
  3 kobold brigands (D:12)
  3 bullfrogs
  A gnoll sergeant (D:11)
  A necrophage (D:4)
  4 scorpions
  A cane toad simulacrum (Gauntlet)
  4 wights (D:8)
  10 killer bees
  2 howler monkeys
  4 hounds
  2 jellies
  7 orc priests
  Crazy Yiuf (D:7)
  Terence (D:3)
  An iguana (D:4)
  17 orc wizards
  11 gnolls
  9 adders
  2 shadow imps
  2 ufetubi
  2 worms
  2 dart slugs
  33 orcs
  5 endoplasms
  8 giant cockroaches
  5 hobgoblins
  11 jackals
  8 quokkas
  4 ball pythons
  A bat (D:1)
  A frilled lizard (Sewer)
  8 goblins
  14 kobolds
  6 rats
272 creatures vanquished.

Vanquished Creatures (collateral kills)
  A slime creature (D:12)
  A shadow (D:12)
  An acid dragon (D:12)
3 creatures vanquished.

Vanquished Creatures (others)
  4 fungi (D:7)
  14 withered plants (Gauntlet)
18 creatures vanquished.

Grand Total: 293 creatures vanquished

Notes
Turn   | Place    | Note
-------+----------+-------------------------------------------
     0 | D:1      | YayAnonymity the Demonspawn Berserker began the quest for
                  | the Orb.
     0 | D:1      | Reached XP level 1. HP: 18/18 MP: 1/1
   409 | D:1      | Gained mutation: You are partially covered in yellow
                  | scales. (AC +2) [demonic ancestry]
   409 | D:1      | Reached XP level 2. HP: 24/24 MP: 2/2
  1566 | D:2      | Identified the +7 mace "Bisoaral" {elec, Dex+3}
  1578 | D:2      | Reached XP level 3. HP: 25/29 MP: 3/3
  1801 | D:2      | Found a faded altar of an unknown god.
  1972 | D:2      | Reached XP level 4. HP: 25/35 MP: 4/4
  2003 | D:2      | Reached ** piety under Trog
  2344 | D:3      | Noticed Terence
  2347 | D:3      | Killed Terence
  2348 | D:3      | Gained mutation: You have a pair of small antennae on your
                  | head. [demonic ancestry]
  2348 | D:3      | Reached XP level 5. HP: 41/42 MP: 5/5
  2493 | D:3      | Reached skill level 1 in Maces & Flails
  2672 | D:3      | Noticed Sigmund
  2679 | D:3      | Killed Sigmund
  2680 | D:3      | Reached skill level 2 in Maces & Flails
  2680 | D:3      | Reached XP level 6. HP: 42/48 MP: 6/6
  2853 | D:3      | Found a glowing drain.
  2864 | Sewer    | Entered a sewer
  2903 | Sewer    | Noticed Pargi
  2912 | Sewer    | Killed Pargi
  2995 | Sewer    | Reached *** piety under Trog
  3098 | D:3      | Reached skill level 3 in Maces & Flails
  3098 | D:3      | Gained mutation: You have a pair of antennae on your head.
                  | [demonic ancestry]
  3098 | D:3      | Reached XP level 7. HP: 54/54 MP: 7/7
  3503 | D:4      | Identified a scroll of acquirement
  3503 | D:4      | Acquired 893 gold pieces
  3717 | D:4      | Identified the ring "Teutz" {rC++ rN+}
  4235 | D:5      | Entered Level 5 of the Dungeon
  4252 | D:5      | Noticed Menkaure
  4277 | D:4      | Reached skill level 4 in Maces & Flails
  4569 | D:5      | Killed Menkaure
  4570 | D:5      | Reached skill level 5 in Maces & Flails
  4570 | D:5      | Reached XP level 8. HP: 44/60 MP: 4/8
  4901 | D:5      | Reached skill level 6 in Maces & Flails
  5303 | D:6      | Reached skill level 7 in Maces & Flails
  5730 | D:6      | Reached skill level 1 in Throwing
  5740 | D:6      | Reached **** piety under Trog
  6178 | D:7      | Found a bloodstained altar of Trog.
  6394 | D:7      | Reached XP level 9. HP: 66/66 MP: 9/9
  6487 | D:7      | Reached skill level 8 in Maces & Flails
  6976 | D:7      | Found a staircase to the Ecumenical Temple.
  7058 | Temple   | Entered the Ecumenical Temple
  7497 | D:7      | Noticed Maggie
  7506 | D:7      | Killed Maggie
  7507 | D:7      | Reached skill level 5 in Fighting
  8048 | D:8      | Reached skill level 5 in Armour
  8048 | D:8      | Reached skill level 5 in Dodging
  8453 | D:8      | Reached skill level 9 in Maces & Flails
  8715 | D:9      | Reached XP level 10. HP: 76/76 MP: 10/10
  8828 | D:9      | Reached ***** piety under Trog
  9024 | D:9      | Noticed a two-headed ogre
  9038 | D:9      | Killed a two-headed ogre
  9313 | D:9      | Found a transporter.
  9313 | D:9      | Found a transporter.
  9315 | D:9      | Noticed a toenail golem
  9317 | D:9      | Noticed a worldbinder
  9325 | D:9      | Found a one-way gate to the infinite horrors of the Abyss.
  9325 | D:9      | Noticed zishaf's ghost (journeyman TeAE)
  9325 | D:9      | Noticed a hell hog
  9350 | D:9      | Noticed a two-headed ogre
  9394 | D:9      | Killed a two-headed ogre
 10024 | D:7      | Found a runed translucent door.
 10025 | D:7      | Noticed Crazy Yiuf
 10031 | D:7      | Killed Crazy Yiuf
 10144 | D:10     | Entered Level 10 of the Dungeon
 10245 | D:10     | Noticed Maurice
 10260 | D:10     | Killed Maurice
 10293 | D:10     | Reached skill level 10 in Maces & Flails
 10380 | D:10     | Noticed Sonja
 10395 | D:10     | Killed Sonja
 10770 | D:10     | Noticed an obsidian statue
 10789 | D:10     | Reached skill level 5 in Throwing
 11003 | D:10     | Noticed a gargoyle
 11025 | D:10     | Killed a gargoyle
 11378 | D:10     | Gained mutation: You have a pair of large antennae on your
                  | head. (SInv) [demonic ancestry]
 11378 | D:10     | Reached XP level 11. HP: 46/84 MP: 6/11
 11590 | D:10     | Found a staircase to the Orcish Mines.
 11820 | D:11     | HP: 4/84 [gargoyle/+0 morningstar (12)]
 12076 | D:11     | Found a staircase to the Lair.
 12076 | D:11     | Noticed an oklob plant
 12076 | D:11     | Noticed an oklob plant
 12199 | D:11     | Killed an oklob plant
 12205 | D:11     | Killed an oklob plant
 12206 | D:11     | Reached skill level 11 in Maces & Flails
 13062 | D:12     | Reached skill level 1 in Shields
 13398 | D:12     | Noticed a two-headed ogre
 13413 | D:12     | Killed a two-headed ogre
 13708 | D:12     | Reached skill level 12 in Maces & Flails
 13745 | D:12     | Identified the +8 mace of Bijaesm {antimagic, *Slow +Blink
                  | rPois Str-4}
 14023 | D:12     | Found Geschurph's Gadget Gallery.
 14425 | D:12     | Noticed a sixfirhy
 14831 | D:13     | Gained mutation: You regenerate magic rapidly. [demonic
                  | ancestry]
 14831 | D:13     | Reached XP level 12. HP: 66/91 MP: 10/12
 15025 | D:13     | Found a gate leading to a gauntlet.
 15029 | Gauntlet | Entered a Gauntlet
 15029 | Gauntlet | Found a transporter.
 15029 | Gauntlet | Found a transporter.
 15029 | Gauntlet | Found a transporter.
 15033 | Gauntlet | Found a transporter.
 15043 | Gauntlet | Found a transporter.
 15047 | Gauntlet | Found a transporter.
 15049 | Gauntlet | Noticed a hell hog
 15056 | Gauntlet | Noticed a death scarab
 15057 | Gauntlet | Found a transporter.
 15067 | Gauntlet | Noticed a death scarab
 15148 | Gauntlet | Found a transporter.
 15150 | Gauntlet | Found a transporter.
 15158 | Gauntlet | Found a transporter.
 15162 | Gauntlet | Found a transporter.
 15176 | Gauntlet | Found a transporter.
 15304 | Gauntlet | Reached skill level 13 in Maces & Flails
 15559 | Gauntlet | Identified the ring of Ajocef {rN+ rCorr Str+4}
 15603 | Gauntlet | Identified the +3 chain mail "Oliaf" {Dex+4}
 15763 | Gauntlet | Killed a hell hog
 15997 | Gauntlet | Identified the +1 hat of Panentheism {rF- Int+3}
 15999 | Gauntlet | Noticed a minotaur
 16018 | Gauntlet | Killed a minotaur
 16023 | Gauntlet | Found the +0 mask of the Dragon {Will+ Slay+3 SInv}
 16185 | D:13     | HP: 1/136 [enormous slime creature (57)]
 16186 | D:13     | Annihilated by an enormous slime creature

Illustrated notes

Levels and vault maps discovered:
D:1:      dpeg_arrival_renting, layout_basic, serial_aquarium,
          aquarium_bridge_square [aquarium_subvault_window,
          aquarium_subvault_bridge, aquarium_subvault_window,
          aquarium_subvault_bridge], aquarium_window_1, aquarium_window_fake,
          aquarium_window_1, aquarium_view_2d, aquarium_view_2e,
          aquarium_pool_side, minmay_misc_feat_nine_boxes, minmay_pentomino_o2
D:2:      layout_basic, dreamdust_ecumenical_altar_statues, minmay_box_of_dots
D:3:      layout_loops_ring, gup_sewer_entry_pipe, uniq_sigmund, uniq_terence
D:4:      layout_loops_ring, minmay_misc_feat_square
D:5:      layout_rooms, uniq_menkaure
D:6:      layout_basic
D:7:      layout_loops_corners, trog_book, minmay_temple_entry_enclosed_plants,
          uniq_crazy_yiuf_cottage, uniq_maggie
D:8:      layout_loops_cross, hangedman_abyss_or_decor_lesser_grid
D:9:      layout_basic, gammafunk_ghost_abyssal_escape
D:10:     layout_irregular_city, orc_0_dummy, minivault_16, uniq_maurice,
          uniq_sonja
D:11:     layout_roguey, dpeg_oklobed_lair, serial_bayou_lagoon_a, zin_statuary
D:12:     layout_basic, nicolae_shop_gadgets
D:13:     layout_basic, ximxim_vaults_locker_room, gauntlet_entry_generic
Temple:   mainiacjoe_temple_trianglar_array

Skill      XL: |  1  2  3  4  5  6  7  8  9 10 11 12 |
---------------+-------------------------------------+-----
Polearms       | 3 |  3.8
Armour         | 2 3 4 5 6 8 |  8.0
Dodging        | 2 3 4 5 |  5.0
Maces & Flails | 2 3 5 7 9 10 12 13 | 13.7
Fighting       | 4 5 7 |  7.0
Throwing       | 1 3 5 |  5.0
Shields        | 3 4 |  4.0

Action                   |  1- 3 |  4- 6 |  7- 9 | 10-12 || total
-------------------------+-------+-------+-------+-------++-------
Melee: Spear             |    65 |       |       |       ||    65
       Mace              |    35 |    96 |   302 |   469 ||   902
       Punch             |     1 |       |     3 |     3 ||     7
Throw: Dart              |       |     1 |       |    13 ||    14
Invok: Berserk           |       |       |     2 |    11 ||    13
       Trog's Hand       |       |       |       |     2 ||     2
       Brothers in Arms  |       |       |       |     1 ||     1
Evoke: Wand              |       |       |       |     2 ||     2
  Use: Scroll            |       |     8 |    12 |     8 ||    28
       Potion            |       |       |       |     1 ||     1
 Stab: Sleeping          |     2 |       |       |       ||     2
Armor: Animal skin       |    22 |    16 |       |       ||    38
       Ring mail         |       |    36 |    88 |       ||   124
       Chain mail        |       |       |    80 |       ||    80
       Swamp dragon scal |       |       |    15 |   259 ||   274
Dodge: Dodged            |    52 |    67 |   178 |   295 ||   592
Block: Kite shield       |       |       |       |   130 ||   130

Table legend: (Time is in decaauts)
 A = Elapsed time spent in this place.
 B = Non-inter-level travel time spent in this place.
 C = Inter-level travel time spent in this place.
 D = Time resting spent in this place.
 E = Time spent auto-exploring this place.
 F = Levels seen in this place.
 G = Mean time per level.
                   A        B        C        D        E       F      G
               +--------+--------+--------+--------+--------+-----+--------+
         Total |  16352 |  15604 |    748 |   2624 |  10116 |  16 | 1022.0 |
       Dungeon |  14664 |  13938 |    726 |   2023 |   9430 |  13 | 1128.0 |
        Temple |    407 |    385 |     22 |      0 |    380 |   1 |  407.0 |
         Sewer |    166 |    166 |      0 |      0 |     70 |   1 |  166.0 |
      Gauntlet |   1114 |   1114 |      0 |    601 |    236 |   1 | 1114.0 |
               +--------+--------+--------+--------+--------+-----+--------+

Top non-repeatable levels by time:
    D:10: 1640 daAuts
     D:1: 1555 daAuts
    D:11: 1552 daAuts
     D:7: 1549 daAuts
    D:12: 1468 daAuts
     D:9: 1342 daAuts
     D:4: 1152 daAuts
Gauntlet: 1114 daAuts
     D:3: 921 daAuts
     D:6: 830 daAuts
     D:8: 823 daAuts
     D:2: 807 daAuts
     D:5: 751 daAuts
  Temple: 407 daAuts
    D:13: 268 daAuts
